 Dungeon Crawl Stone Soup version 0.30-a0-989-g0d87f670db (webtiles) character file.

Game seed: 5735060349521477039

385 CowFu the Magician (level 6, -3/32 HPs)
             Began as a Deep Elf Conjurer on Apr 3, 2023.
             Was an Initiate of Vehumet.
             Slain by Blork the orc
             ... wielding a +0 glaive
              (5 damage)
             ... on level 4 of the Dungeon.
             The game lasted 00:06:18 (4145 turns).

CowFu the Magician (Deep Elf Conjurer)              Turns: 4145, Time: 00:06:18

Health: -3/32      AC:  6    Str:  4    XL:     6   Next: 48%
Magic:  9/17       EV: 12    Int: 31    God:    Vehumet [......]
Gold:   158        SH:  5    Dex: 13    Spells: 11/18 levels left

rFire   . . .      SeeInvis .    a - staff of earth
rCold   . . .      Faith    .    e - orb {*channel}
rNeg    . . .      Spirit   .    m - +2 robe {Will+}
rPois   .          Reflect  +    (no helmet)
rElec   .          Rampage  .    (no cloak)
rCorr   +                        c - +0 pair of gloves
Will    +....                    g - +0 pair of boots
Stlth   ++                       t - amulet of reflection
HPRegen 0.25/turn                l - +6 ring of intelligence
MPRegen 0.15/turn                k - ring of resist corrosion

@: flying
A: no striking features
a: Renounce Religion


You were on level 4 of the Dungeon.
You worshipped Vehumet.
Vehumet was noncommittal.
You visited 1 branch of the dungeon, and saw 4 of its levels.

You collected 158 gold pieces.

Inventory:

Hand Weapons
 b - the +1 spear "Newtslayer" {antimagic, rF+ Stlth+}
   (You found it on level 2 of the Dungeon)

   rF:        It protects you from fire.
   Stlth:     It makes you more stealthy.
Armour
 c - a +0 pair of gloves (worn)
 e - an orb of energy (worn)
 g - a +0 pair of boots (worn)
 m - a +2 robe of willpower (worn)
Magical Staves
 a - a staff of earth (weapon)
Jewellery
 k - a ring of resist corrosion (right hand)
 l - a +6 ring of intelligence (left hand)
 s - a ring of see invisible
 t - an amulet of reflection (around neck)
Wands
 q - a wand of paralysis (10)
Scrolls
 f - 3 scrolls of identify
 h - 5 scrolls of teleportation
 i - a scroll of enchant armour {unknown}
 n - a scroll of noise {unknown}
 p - a scroll of brand weapon {unknown}
 r - a scroll of magic mapping {unknown}
Potions
 d - 3 potions of flight
 j - a potion of haste {unknown}
 o - a potion of magic


   Skills:
 - Level 2.4 Dodging
 - Level 2.4 Stealth
 + Level 6.9 Spellcasting
 + Level 6.8 Conjurations


You had 11 spell levels left.
You knew the following spells:

 Your Spells              Type           Power      Damage    Failure   Level
a - Magic Dart            Conj           100%       1d8       2%          1
b - Searing Ray           Conj           100%       2d8       3%          2
c - Iskenderun's Mystic   Conj/Tloc      31%        2d8       26%         4

Your spell library contained the following spells:

 Spells                   Type           Power      Damage    Failure   Level
 Static Discharge         Conj/Air       62%        2-5/arc   7%          2
 Dazzling Flash           Conj/Hex       62%        N/A       11%         3
 Necrotise                Necr           40%        1d6       14%         1
 Fulminant Prism          Conj/Hex       15%        3d10      26%         4
 Vampiric Draining        Necr           10%        2d6       32%         3
 Vhi's Electric Charge    Tloc/Air       20%        N/A       32%         3
 Arcjolt                  Conj/Air       15%        1d25      52%         5
 Agony                    Necr           10%        N/A       90%         5
 Plasma Beam              Fire/Air       5%         2x1d11    90%         5


Dungeon Overview and Level Annotations

Branches:
Dungeon (4/15)             Temple (0/1) D:4

Altars:
Qazlal
Vehumet

Shops:
D:1 (:

Annotations:
D:4 Blork the orc, Grinder


Message History

The searing ray hits Blork the orc!
Blork the orc is heavily wounded.
The searing ray hits Blork the orc.
Blork the orc is heavily wounded.
Grinder zaps a wand.
The puff of flame misses you.
The searing ray hits Blork the orc.
Blork the orc is severely wounded.
You finish channelling your searing ray.
Blork the orc hits you from afar with a +0 glaive!
Blork the orc misses you.
Grinder zaps a wand.
The puff of flame misses you.
A sleepcap comes into view.
Casting: Searing Ray (safe; 3% risk of failure)
Confirm with . or Enter, or press ? or * to list all spells.
Aiming: Searing Ray (safe; 3% risk of failure)
Press: ? - help, Shift-Dir - straight line, f/p - Blork the orc
Aim: Blork the orc, wielding a +0 glaive and wearing a +0 robe (severely wounded, 85% to hit)
The searing ray hits Blork the orc.
Blork the orc is severely wounded. (Press . to maintain the ray.) Blork the orc casts a spell at you.
The puff of frost hits you but does no damage.
Grinder zaps a wand.
The puff of flame misses you.
The searing ray misses Blork the orc.
Blork the orc closely misses you.
The searing ray hits Blork the orc!
Blork the orc is almost dead.
A quokka comes into view.
Blork the orc barely misses you.
As you read the scroll labelled MAETOKE FIWK, it crumbles to dust.
It is a scroll of identify.
h - 5 scrolls of teleportation A quokka comes into view.
Blork the orc hits you from afar with a +0 glaive!
* * * LOW HITPOINT WARNING * * *
Grinder gestures at you. You resist with almost no effort.
It was a potion of flight.
You feel very buoyant.
You fly up into the air.
Blork the orc hits you from afar with a +0 glaive.
You die...

#####'§'## .. ######
+.....' .. .....#
+.§≈≈†' #. #....#
+.....' .
##.##....######'''##
... .............†...).
#..##.#...........##..>
#.....#...........##...
.##o?@.........#######
#.f.5##.........#
...##.........#.#.#.
.>.?..#.............#
..## #.......#.#.#..
...................#
.#.##......#.#.#....
#................#.
..##......#.#.#...


You could see Grinder, Blork the orc and a sleepcap.

Vanquished Creatures
  A phantom (D:4)
  3 orc priests
  Jessica (D:3)
  Ijyb (D:3)
  An iguana (D:4)
  An orc wizard (D:4)
  3 adders (D:2)
  A worm (D:2)
  5 dart slugs (D:1)
  8 orcs
  4 ball pythons
  3 bats
  8 endoplasms
  6 giant cockroaches
  2 goblins (D:1)
  7 hobgoblins
  5 quokkas
  2 frilled lizards
  10 kobolds
  7 rats
79 creatures vanquished.

Vanquished Creatures (others)
  2 fungi (D:3)
  A plant (D:3)
3 creatures vanquished.

Grand Total: 82 creatures vanquished

Notes
Turn   | Place    | Note
-------+----------+-------------------------------------------
     0 | D:1      | CowFu the Deep Elf Conjurer began the quest for the Orb.
     0 | D:1      | Reached XP level 1. HP: 10/10 MP: 6/6
    75 | D:1      | Found Gunaegeu's Weapon Emporium.
   261 | D:1      | Reached XP level 2. HP: 15/15 MP: 5/8
   824 | D:1      | Reached skill level 5 in Conjurations
   824 | D:1      | Reached XP level 3. HP: 19/19 MP: 4/10
  1054 | D:1      | Found Ompeja's Book Emporium.
  1878 | D:2      | Reached XP level 4. HP: 22/24 MP: 3/12
  2827 | D:2      | Identified the +1 spear "Newtslayer" {antimagic, rF+
                  | Stlth+}
  3117 | D:3      | Reached skill level 5 in Spellcasting
  3123 | D:3      | Learned a level 2 spell: Searing Ray
  3193 | D:3      | Noticed Jessica
  3199 | D:3      | Killed Jessica
  3346 | D:3      | Noticed Ijyb
  3357 | D:3      | Paralysed by Ijyb for 5 turns
  3363 | D:3      | Killed Ijyb
  3364 | D:3      | Reached XP level 5. HP: 28/28 MP: 9/15
  3468 | D:3      | Found a faded altar of an unknown god.
  3575 | D:3      | Found a radiant altar of Vehumet.
  3618 | D:3      | Became a worshipper of Vehumet
  3624 | D:3      | Learned a level 4 spell: Iskenderun's Mystic Blast
  3982 | D:4      | Reached XP level 6. HP: 29/32 MP: 15/17
  3996 | D:4      | Found a stormy altar of Qazlal.
  4133 | D:4      | Found a staircase to the Ecumenical Temple.
  4134 | D:4      | Noticed Blork the orc
  4135 | D:4      | Noticed Grinder
  4145 | D:4      | Slain by Blork the orc

Illustrated notes

Levels and vault maps discovered:
D:1:      evilmike_arrival_hilbert_curve, layout_basic, serial_shops,
          nicolae_shop_crystal, shop
D:2:      layout_basic, st_stairs_5, supply_closet_lemuel,
          hangedman_decor_points, minmay_circle_x
D:3:      layout_rooms, overflow_temple_1_default,
          dreamdust_ecumenical_altar_grove, uniq_ijyb, uniq_jessica
D:4:      layout_rooms, mainiacjoe_overflow_big_doors,
          minmay_temple_entry_ruins, st_stairs_13, uniq_sigmund, uniq_grinder,
          uniq_blork_the_orc

Skill      XL: |  1  2  3  4  5 |
---------------+----------------+-----
Spellcasting   | 4 5 6 |  6.9
Conjurations   | 5 6 |  6.8
Dodging        | |  2.4
Stealth        | |  2.4

Action                     |  1- 3 |  4- 6 || total
---------------------------+-------+-------++-------
  Melee: Staff             |     7 |       ||     7
   Cast: Magic Dart        |    81 |    79 ||   160
         Searing Ray       |       |    11 ||    11
    Use: Scroll            |       |     1 ||     1
         Potion            |       |     1 ||     1
 Armour: Robe              |     2 |     5 ||     7
  Dodge: Dodged            |     5 |    13 ||    18

Table legend: (Time is in decaauts)
 A = Elapsed time spent in this place.
 B = Non-inter-level travel time spent in this place.
 C = Inter-level travel time spent in this place.
 D = Time resting spent in this place.
 E = Time spent auto-exploring this place.
 F = Levels seen in this place.
 G = Mean time per level.
                   A        B        C        D        E       F      G
               +--------+--------+--------+--------+--------+-----+--------+
         Total |   4142 |   3919 |    223 |      0 |   3402 |   4 | 1035.5 |
       Dungeon |   4142 |   3919 |    223 |      0 |   3402 |   4 | 1035.5 |
               +--------+--------+--------+--------+--------+-----+--------+

Top non-repeatable levels by time:
     D:1: 1708 daAuts
     D:2: 1288 daAuts
     D:3: 868 daAuts
     D:4: 277 daAuts
